Map: [ESL] Dragon Scales

Players

Mixu

  • Race: Zerg Zerg
  • Spawn Location: 11:00

Creator - Winner!

  • Race: Protoss Protoss
  • Spawn Location: 5:00

Event: ESL SC2 Masters 2023 Summer (Finals)

VOD

Have the link to the VOD?

Description

Time

  • Played on: June 16, 2023, 12:11 p.m.
  • Length: 10:32

All games in this series

Show
View Real Time Build Order
Export as new Build Order

Mixu Zerg 

Build Orders: Hatch First 

Get SALT Encoding   

  12  0:00  Drone  
  13  0:12  Overlord  
  13  0:18  Drone  
  14  0:31  Drone x2  
  16  0:44  Drone  
  17  0:52  Hatchery  
  17  0:56  Drone  
  17  0:58  Drone  
  18  1:10  Extractor  
  17  1:13  Spawning Pool  
  17  1:16  Drone  
  17  1:19  Drone  
  18  1:27  Drone  
  19  1:39  Drone  
  20  1:50  Overlord  
  20  2:00  Queen  
  22  2:04  Queen  
  22  2:06  Zergling x2  
  25  2:11  Drone, Zergling x2  
  25  2:12  Metabolic Boost  
  27  2:17  Drone  
  28  2:23  Drone  
  30  2:30  Drone  
  30  2:39  Hatchery  
  30  2:42  Drone  
  30  2:46  Drone  
  31  2:51  Queen  
  31  2:56  Overlord  
  33  2:59  Drone  
  33  3:01  Drone  
  33  3:04  Drone  
  36  3:14  Queen  
  36  3:15  Drone x2  
  36  3:18  Overlord  
  40  3:21  Drone  
  40  3:22  Drone  
  40  3:24  Drone  
  43  3:33  Drone  
  44  3:36  Queen  
  44  3:39  Zergling x2  
  44  3:40  Drone x3  
  50  3:47  Drone  
  50  3:50  Overlord  
  50  3:51  Drone  
  50  3:53  Spore Crawler  
  50  3:55  Drone x2, Spore Crawler  
  51  4:02  Drone x4  
  55  4:06  Drone x2  
  55  4:09  Drone  
  58  4:11  Drone  
  58  4:16  Drone x2  
  61  4:18  Overlord  
  61  4:20  Drone x2  
  61  4:24  Drone x2  
  65  4:31  Hatchery  
  65  4:35  Roach Warren  
  62  4:44  Drone x5  
  66  4:45  Lair  
  66  4:46  Extractor  
  66  4:48  Overlord  
  66  4:49  Drone  
  66  4:58  Overlord  
  72  5:07  Zergling x16, Evolution Chamber  
  72  5:10  Overlord  
  72  5:11  Drone x2, Evolution Chamber  
  73  5:19  Extractor  
  73  5:21  Overlord, Drone x7  
  73  5:24  Extractor, Drone  
  80  5:28  Queen  
  80  5:32  Drone x4  
  84  5:36  Zergling x4  
  84  5:39  Zergling x2  
  86  5:49  Drone x3  
  87  5:55  Baneling Nest  
  87  5:56  Drone x6  
  92  5:57  Evolution Chamber  
  91  6:04  Hatchery  
  91  6:05  Glial Reconstitution  
  91  6:06  Zerg Melee Weapons Level 1  
  91  6:07  Drone x6  
  91  6:09  Overseer  
  96  6:14  Pneumatized Carapace  
  96  6:15  Zergling x4  
  98  6:22  Overlord x2  
  98  6:23  Overlord  
  98  6:31  Extractor  
  97  6:35  Zergling x2  
  97  6:36  Overlord x2  
  98  6:43  Roach x7  
  111  6:48  Roach x4  
  111  6:53  Zerg Missile Weapons Level 1, Centrifugal Hooks  
  118  6:55  Roach x3  
  118  6:58  Drone x3  
  127  7:06  Overlord  
  127  7:07  Drone x2  
  129  7:12  Extractor  
  129  7:14  Spore Crawler  
  127  7:21  Drone  
  127  7:22  Drone x2  
  130  7:23  Roach  
  130  7:28  Spore Crawler  
  128  7:30  Roach x7, Hatchery  
  136  7:38  Roach x5  
  136  7:43  Zergling x8  
  151  7:51  Roach  
  151  7:52  Overlord x2  
  151  8:00  Overlord  
  152  8:12  Zergling x2  
  152  8:13  Zergling x20  
  152  8:18  Overlord  
  152  8:19  Ravager x4  
  166  8:20  Zergling x4  
  168  8:28  Zergling x12  
  168  8:34  Queen  
  174  8:36  Queen, Overlord x5  
  174  8:38  Roach  
  180  8:46  Roach  
  180  8:47  Overlord  
  180  8:48  Baneling x7  
  188  8:55  Roach x3  
  188  8:56  Roach x6  
  200  9:07  Zergling x6  
  195  9:12  Drone x3  
  195  9:13  Drone  
  195  9:16  Zergling x8  
  200  9:21  Baneling x3  
  199  9:27  Baneling x23  
  199  9:31  Zergling x2  
  198  9:42  Zergling x14  
  198  9:45  Zergling x6  
  197  9:53  Zergling x6  
  194  10:12  Roach x3  
Show
View Real Time Build Order
Export as new Build Order

Creator Protoss - Winner!

Build Orders: 1 Gate Expand, Oracle Opening, Archon Immortal 

Get SALT Encoding   

  12  0:00  Probe  
  13  0:14  Pylon  
  13  0:18  Probe (Chrono Boost)  
  14  0:27  Probe (Chrono Boost)  
  15  0:32  Probe (Chrono Boost)  
  16  0:38  Gateway  
  16  0:44  Probe  
  16  0:48  Assimilator  
  17  0:56  Probe  
  18  1:08  Probe  
  19  1:20  Probe  
  19  1:25  Nexus  
  20  1:34  Cybernetics Core  
  20  1:38  Probe  
  21  1:43  Assimilator  
  21  1:50  Probe  
  21  1:52  Pylon  
  22  2:02  Probe  
  23  2:09  Adept (Chrono Boost)  
  23  2:14  Probe  
  26  2:18  Stargate  
  26  2:26  Probe  
  26  2:27  Warp Gate  
  29  2:37  Stalker  
  29  2:38  Probe x2 (Chrono Boost)  
  31  2:47  Probe x2 (Chrono Boost)  
  33  2:52  Probe x2 (Chrono Boost)  
  35  3:04  Probe x2, Oracle (Chrono Boost)  
  40  3:09  Pylon  
  40  3:16  Probe  
  40  3:17  Probe  
  42  3:21  Gateway  
  42  3:28  Probe  
  42  3:29  Probe  
  44  3:40  Probe  
  44  3:41  Probe  
  46  3:46  Oracle  
  49  3:49  Nexus  
  49  3:50  Pylon  
  49  3:52  Probe  
  49  3:55  Probe  
  51  3:58  Pylon  
  51  4:05  Gateway  
  51  4:06  Probe  
  51  4:07  Probe  
  53  4:17  Adept x2  
  53  4:18  Probe  
  53  4:19  Probe  
  53  4:24  Assimilator  
  59  4:25  Oracle  
  59  4:26  Assimilator  
  59  4:29  Pylon  
  62  4:32  Probe x2  
  62  4:34  Pylon  
  64  4:43  Adept x2  
  68  4:45  Probe (Chrono Boost)  
  68  4:47  Probe (Chrono Boost)  
  68  4:49  Robotics Facility  
  70  4:58  Probe (Chrono Boost)  
  72  5:00  Probe (Chrono Boost)  
  72  5:04  Adept x3  
  72  5:06  Probe x2 (Chrono Boost)  
  80  5:12  Probe (Chrono Boost)  
  80  5:13  Probe (Chrono Boost)  
  83  5:14  Probe (Chrono Boost)  
  83  5:22  Shield Battery  
  83  5:24  Probe (Chrono Boost), Pylon, Assimilator  
  83  5:25  Probe (Chrono Boost)  
  83  5:27  Probe (Chrono Boost), Assimilator  
  86  5:32  Probe (Chrono Boost)  
  86  5:33  Probe (Chrono Boost)  
  86  5:34  Probe (Chrono Boost)  
  89  5:37  Warp Prism (Chrono Boost)  
  91  5:46  Probe x3  
  87  5:53  Forge, Stalker, Sentry x2  
  87  5:55  Twilight Council  
  91  5:58  Probe  
  91  5:59  Oracle  
  91  6:00  Gateway  
  91  6:01  Pylon  
  95  6:05  Gateway  
  95  6:06  Observer (Chrono Boost)  
  95  6:09  Probe  
  97  6:16  Robotics Facility  
  97  6:18  Nexus  
  97  6:20  Pylon  
  97  6:28  Immortal  
  97  6:32  Zealot x2  
  105  6:34  Charge  
  105  6:39  Templar Archives  
  105  6:40  Probe x3, Protoss Ground Weapons Level 1 (Chrono Boost)  
  108  6:52  Shield Battery  
  108  6:54  Photon Cannon  
  108  6:55  Probe x3  
  111  7:04  Phoenix  
  111  7:07  Psionic Storm  
  117  7:08  Photon Cannon  
  117  7:11  Zealot x2  
  117  7:12  Immortal (Chrono Boost)  
  120  7:16  Gateway  
  120  7:17  High Templar x2  
  124  7:30  Immortal (Chrono Boost)  
  128  7:40  High Templar x2  
  128  7:41  Immortal (Chrono Boost)  
  128  7:43  Assimilator  
  136  7:44  Assimilator  
  136  7:47  Gateway  
  136  7:49  Probe x4, Gateway  
  140  7:52  Gateway  
  140  8:02  Photon Cannon  
  140  8:06  Pylon  
  140  8:10  Immortal (Chrono Boost), Gateway  
  140  8:17  Pylon x2  
  140  8:18  Shield Battery  
  140  8:19  Pylon  
  140  8:21  Pylon  
  140  8:23  Immortal (Chrono Boost)  
  144  8:30  High Templar x2  
  148  8:35  Archon  
  148  8:37  High Templar x2  
  152  8:43  Archon  
  152  8:44  High Templar  
  152  8:46  Immortal (Chrono Boost)  
  152  8:48  Pylon  
  158  8:50  Photon Cannon  
  158  8:57  Immortal  
  158  8:58  Zealot  
  158  8:59  Zealot x3  
  166  9:09  Immortal  
  164  9:23  High Templar  
  164  9:24  High Templar x2  
  164  9:25  Zealot x3  
  164  9:28  Archon  
  174  9:35  Immortal  
  174  9:36  Photon Cannon  
  174  9:37  Photon Cannon  
  178  9:38  Pylon, Stalker x2  
  178  9:45  Zealot  
  182  9:50  Immortal  
  184  9:54  Zealot x2  
  184  9:58  Pylon  
  184  9:59  Pylon, Zealot x4  
  184  10:26  High Templar  
  184  10:27  High Templar x2  
  184  10:28  High Templar  
Tags
 
Add a new tag
Caveats
  • Supply blocks, unpowered buildings, or Contaminate may cause inaccurate times.
  • Supply counts are checked every 10 seconds.